Map: Lightshade LE

Players

Reynor

  • Race: Zerg Zerg

Trap - Winner!

  • Race: Protoss Protoss

Event: TSL 7

VOD

Have the link to the VOD?

Description

Time

  • Played on: June 27, 2021, 8:40 a.m.
  • Length: 11:19

All games in this series

Show
View Real Time Build Order
Export as new Build Order

Reynor Zerg 

Build Orders: Hatch First 

Get SALT Encoding   

  12  0:00  Drone  
  13  0:12  Overlord  
  13  0:17  Drone  
  14  0:31  Drone x2  
  16  0:44  Drone  
  17  0:51  Hatchery  
  17  0:56  Drone  
  17  0:59  Drone  
  18  1:12  Extractor  
  18  1:15  Spawning Pool  
  18  1:16  Drone  
  17  1:21  Drone  
  18  1:28  Drone  
  19  1:38  Drone  
  20  1:49  Overlord  
  20  2:03  Zergling x4, Queen x2  
  26  2:11  Drone  
  26  2:14  Drone  
  26  2:15  Metabolic Boost  
  28  2:22  Drone  
  29  2:25  Drone  
  30  2:36  Hatchery  
  29  2:37  Drone  
  30  2:44  Queen  
  30  2:49  Overlord  
  32  2:52  Drone  
  32  2:53  Zergling x2  
  32  2:56  Drone  
  35  2:58  Drone  
  35  3:05  Overlord  
  36  3:08  Drone  
  36  3:11  Drone x3  
  39  3:18  Overlord  
  39  3:23  Drone  
  39  3:25  Queen  
  42  3:29  Drone x2  
  44  3:34  Spore Crawler  
  44  3:38  Drone  
  44  3:43  Drone  
  44  3:45  Queen  
  44  3:47  Overlord  
  44  3:48  Zergling x6  
  49  3:54  Queen  
  52  3:57  Drone x2  
  52  4:02  Drone x3  
  57  4:05  Zergling x2  
  57  4:07  Evolution Chamber  
  56  4:12  Drone x3  
  56  4:16  Drone  
  58  4:17  Drone  
  58  4:18  Drone  
  58  4:19  Drone  
  61  4:26  Spore Crawler  
  61  4:27  Drone  
  61  4:29  Drone  
  62  4:35  Roach Warren  
  62  4:36  Extractor  
  58  4:41  Drone x4  
  58  4:42  Drone  
  59  4:46  Drone  
  59  4:50  Overlord  
  59  4:52  Extractor  
  59  4:53  Drone x2  
  61  5:05  Queen  
  61  5:07  Drone  
  62  5:16  Roach x7  
  62  5:18  Zergling x4  
  62  5:19  Overlord  
  78  5:23  Overlord  
  78  5:27  Roach  
  80  5:33  Roach  
  80  5:34  Overlord  
  82  5:39  Zergling x2, Roach x3  
  88  5:45  Ravager  
  88  5:46  Zergling x8  
  88  5:47  Zergling x2  
  94  5:53  Ravager  
  94  5:54  Zergling x6  
  94  6:04  Ravager  
  94  6:05  Zergling x6  
  96  6:14  Zergling x6  
  96  6:16  Zergling x2  
  96  6:17  Zergling x2  
  96  6:23  Lair  
  96  6:24  Queen  
  88  6:27  Drone x3  
  86  6:38  Drone x3  
  91  6:41  Evolution Chamber  
  91  6:45  Spore Crawler  
  89  6:47  Drone x2  
  89  6:48  Drone  
  90  6:57  Drone x2  
  90  6:58  Drone  
  93  7:08  Drone x2  
  95  7:09  Drone  
  95  7:12  Zerg Missile Weapons Level 1  
  95  7:15  Extractor  
  93  7:16  Extractor  
  93  7:19  Drone x2  
  93  7:20  Drone  
  93  7:22  Glial Reconstitution  
  95  7:26  Hatchery  
  95  7:29  Overlord  
  94  7:30  Drone x2  
  94  7:34  Drone x2  
  94  7:35  Overlord  
  98  7:42  Drone x3  
  96  7:44  Overlord  
  96  7:47  Roach x2  
  95  7:54  Extractor  
  95  7:55  Roach x3  
  95  7:56  Zergling x6  
  105  7:58  Ravager x3  
  105  7:59  Ravager x2  
  105  8:04  Overlord  
  112  8:05  Roach x2  
  112  8:11  Overseer  
  112  8:13  Overlord  
  112  8:15  Roach x4  
  112  8:18  Roach  
  122  8:22  Overlord  
  122  8:24  Roach x2  
  122  8:26  Roach x2  
  130  8:32  Overlord  
  130  8:33  Roach x3  
  136  8:35  Ravager  
  136  8:38  Roach  
  136  8:39  Roach x2  
  143  8:45  Infestation Pit  
  141  8:48  Drone x2  
  141  8:49  Drone, Overlord  
  141  8:52  Drone  
  141  8:53  Drone x3  
  148  8:55  Ravager  
  148  8:56  Drone x2  
  148  9:01  Overlord  
  151  9:07  Overlord  
  151  9:13  Roach x4  
  151  9:15  Overseer  
  157  9:18  Spore Crawler  
  157  9:23  Ravager, Hive  
  157  9:30  Drone x7  
  162  9:43  Drone x3  
  159  9:46  Roach x7  
  159  9:49  Overlord  
  173  9:55  Overlord  
  173  9:58  Ravager x3  
  168  10:08  Roach x9  
  168  10:13  Overlord  
  179  10:23  Ravager x3  
  178  10:30  Roach x8  
  178  10:31  Overlord  
  178  10:34  Viper  
  172  10:44  Roach  
  172  10:45  Roach x6  
  171  10:52  Zergling x4, Roach x3  
  145  10:58  Roach x5  
Show
View Real Time Build Order
Export as new Build Order

Trap Protoss - Winner!

Build Orders: 1 Gate Expand, Oracle Opening 

Get SALT Encoding   

  12  0:00  Probe  
  13  0:14  Pylon  
  13  0:17  Probe (Chrono Boost)  
  14  0:27  Probe (Chrono Boost)  
  15  0:32  Probe (Chrono Boost)  
  16  0:41  Gateway  
  16  0:43  Probe  
  17  0:50  Assimilator  
  17  0:55  Probe  
  18  1:08  Probe  
  19  1:20  Probe  
  19  1:24  Nexus  
  20  1:34  Cybernetics Core  
  20  1:37  Probe  
  21  1:44  Assimilator  
  21  1:49  Probe  
  21  1:54  Pylon  
  22  2:01  Probe (Chrono Boost)  
  23  2:09  Adept (Chrono Boost)  
  23  2:11  Warp Gate  
  23  2:13  Probe (Chrono Boost)  
  26  2:22  Probe (Chrono Boost)  
  27  2:27  Stargate  
  27  2:29  Probe (Chrono Boost)  
  28  2:31  Adept  
  28  2:36  Probe (Chrono Boost)  
  32  2:45  Probe x2 (Chrono Boost)  
  32  2:50  Probe (Chrono Boost)  
  33  2:52  Probe  
  35  3:01  Stalker  
  35  3:02  Probe  
  35  3:04  Probe  
  39  3:09  Oracle (Chrono Boost)  
  42  3:15  Probe  
  42  3:16  Probe  
  42  3:18  Gateway  
  44  3:22  Pylon  
  44  3:28  Probe x2  
  46  3:37  Oracle (Chrono Boost)  
  46  3:40  Pylon  
  49  3:45  Probe  
  49  3:46  Probe  
  51  3:50  Assimilator x2  
  51  3:54  Twilight Council  
  51  3:59  Probe x2  
  53  4:15  Nexus  
  51  4:19  Probe x2  
  51  4:24  Pylon  
  51  4:25  Adept  
  51  4:26  Adept  
  51  4:31  Gateway  
  55  4:34  Dark Shrine  
  55  4:36  Probe  
  55  4:37  Probe  
  56  4:47  Adept x2  
  56  4:49  Probe x2  
  56  4:51  Robotics Facility  
  62  5:00  Shield Battery  
  62  5:05  Probe x2  
  60  5:10  Sentry x2  
  64  5:14  Pylon  
  64  5:17  Probe x2  
  64  5:20  Forge  
  66  5:25  Pylon  
  64  5:29  Probe x3  
  67  5:40  Sentry, Stalker x2  
  67  5:42  Shield Battery  
  73  5:45  Probe x3, Immortal (Chrono Boost)  
  80  6:04  Shield Battery  
  80  6:06  Shield Battery x2, Dark Templar  
  80  6:07  Dark Templar  
  80  6:08  Dark Templar  
  83  6:23  Immortal (Chrono Boost)  
  83  6:24  Probe x3  
  90  6:26  Blink  
  90  6:29  Gateway  
  90  6:32  Gateway  
  90  6:36  Protoss Ground Weapons Level 1 (Chrono Boost)  
  90  6:39  Zealot  
  89  6:40  Probe x3  
  92  6:48  Gateway  
  92  6:50  Gateway  
  92  6:53  Probe x3  
  95  7:01  Immortal (Chrono Boost)  
  95  7:02  Assimilator x2  
  95  7:06  Pylon x2  
  97  7:18  Robotics Facility  
  97  7:20  Robotics Bay  
  97  7:24  Probe x3  
  97  7:25  Pylon  
  97  7:28  Pylon  
  100  7:30  Stalker x2  
  100  7:31  Stalker x2  
  108  7:43  Stalker x2  
  109  7:45  Pylon  
  109  7:48  Warp Prism (Chrono Boost), Pylon  
  107  7:58  Stalker x2  
  107  7:59  Stalker x2  
  107  8:04  Gateway  
  115  8:06  Gateway  
  115  8:09  Observer  
  116  8:16  Extended Thermal Lance  
  122  8:21  Pylon  
  122  8:26  Pylon  
  122  8:27  Colossus (Chrono Boost)  
  122  8:30  Colossus (Chrono Boost)  
  128  8:36  Stalker x3  
  128  8:40  Protoss Ground Weapons Level 2 (Chrono Boost)  
  132  8:45  Photon Cannon  
  132  8:54  Nexus  
  132  8:56  Photon Cannon  
  132  9:04  Sentry x3  
  138  9:16  Colossus (Chrono Boost)  
  138  9:20  Zealot  
  138  9:21  Photon Cannon  
  138  9:22  Photon Cannon  
  146  9:27  Zealot, Stalker x2  
  152  9:34  Zealot x2  
  152  9:35  Stalker  
  156  9:42  Probe x3  
  157  9:53  Photon Cannon  
  157  9:54  Photon Cannon, Probe  
  157  9:59  Observer (Chrono Boost)  
  159  10:03  Disruptor (Chrono Boost)  
  160  10:13  Sentry  
  160  10:14  Sentry x2, Stalker x2, Disruptor  
  166  10:15  Zealot x3  
  166  10:21  Pylon  
  179  10:22  Pylon  
  173  10:45  Stalker x4  
  173  10:46  Stalker x4  
  173  10:58  Probe x4  
  168  11:06  Stalker  
  168  11:08  Stalker x2  
  168  11:09  Stalker x5  
Tags
 
Add a new tag
Caveats
  • Supply blocks, unpowered buildings, or Contaminate may cause inaccurate times.
  • Supply counts are checked every 10 seconds.